 Dungeon Crawl Stone Soup version 0.23.2 (webtiles) character file.

Game seed: 16839093269918299163

248 Ethylacetat the Cudgeler (level 6, -6/57 HPs)
             Began as a Naga Gladiator on Apr 10, 2019.
             Mangled by a gnoll
             ... wielding a +0 halberd
              (8 damage)
             ... on level 3 of the Dungeon.
             The game lasted 00:06:20 (3152 turns).

Ethylacetat the Cudgeler (Naga Gladiator)           Turns: 3152, Time: 00:06:20

Health: -6/57      AC:  5    Str: 18    XL:     6   Next: 12%
Magic:  6/6        EV:  4    Int:  9    God:
Gold:   111        SH:  0    Dex: 15    Spells: 5/5 levels left

rFire    . . .     SeeInvis +   a - +0 flail
rCold    . . .     Gourm    .   (no shield)
rNeg     . . .     Faith    .   b - +0 leather armour
rPois    +         Spirit   .   c - +0 helmet
rElec    .         Reflect  .   (no cloak)
rCorr    .         Harm     .   g - +0 pair of gloves
MR       .....                  (no barding)
Stlth    +.........             (no amulet)
HPRegen  0.19/turn              r - -6 ring of evasion (curse)
MPRegen  0.10/turn              u - +3 ring of dexterity (curse)

@: very slow
A: large, see invisible, deformed body, poison resistance, slowness 2, slow
metabolism 1, spit poison 1, AC +2
a: Spit Poison


You were on level 3 of the Dungeon.
You were not hungry.

You visited 1 branch of the dungeon, and saw 3 of its levels.

You collected 111 gold pieces.

Inventory:

Hand Weapons
 a - a +0 flail (weapon)
Missiles
 d - 2 throwing nets (quivered)
 t - 26 arrows
Armour
 b - a +0 leather armour (worn)
 c - a +0 helmet (worn)
 g - a +0 pair of gloves (worn)
Jewellery
 r - a cursed -6 ring of evasion (left hand)
 u - a cursed +3 ring of dexterity (right hand)
Scrolls
 e - 6 scrolls of identify {unknown}
 j - a scroll of blinking {unknown}
 k - a scroll of random uselessness {unknown}
 l - a scroll of magic mapping {unknown}
 m - 2 scrolls of enchant armour {unknown}
 n - 3 scrolls of remove curse {unknown}
 s - a scroll of teleportation {unknown}
Potions
 h - a potion of curing {unknown}
 i - a potion of invisibility {unknown}
 o - a potion of mutation {unknown}
 p - 2 potions of degeneration {unknown}
 q - 2 potions of haste {unknown}
Comestibles
 f - 8 rations


   Skills:
 + Level 3.8 Fighting
 * Level 5.7 Maces & Flails
 - Level 1.7 Throwing
 - Level 2.4 Dodging


You had 5 spell levels left.
You didn't know any spells.
Your spell library was empty.

Dungeon Overview and Level Annotations

Branches:
Dungeon (3/15)

Altars:
Makhleb


Innate Abilities, Weirdness & Mutations

You cannot wear boots.
Your serpentine skin is tough. (AC +2)
You have supernaturally acute eyesight. (SInv)
Armour fits poorly on your strangely shaped body.
Your system is resistant to poisons. (rPois)
You cover ground very slowly.
You have a slow metabolism.
You can spit poison.


Message History

You have got your breath back.
The gnoll hits you but does no damage.
The gnoll hits you from afar with a +0 halberd.
You sock the gnoll!
You kill the gnoll!
The gnoll hits you from afar with a +0 halberd!
Press: ? - help, Shift-Dir - straight line, f/p - gnoll
Aim: a gnoll, wielding a +0 halberd The splash of poison misses the gnoll.
You feel slightly more hungry.
The gnoll hits you from afar with a +0 halberd.
The gnoll hits you with a +0 halberd.
* * * LOW HITPOINT WARNING * * *
You see here a gnoll corpse.
You barely miss the gnoll. The gnoll hits you with a +0 halberd!
* * * LOW HITPOINT WARNING * * *
You hit the gnoll.
The gnoll is lightly wounded.
You have got your breath back.
The gnoll hits you with a +0 halberd!
You die...

#.# #.# #.. #.# #.#
#####.. #.# #.# #...+..
#.# #.# #.###..
#.#######.# #.# #..
#.......#'####.# ###
###.........##.# #
#.........##.#####
#.###@.....[..##.##...
#...g.........##.##...
#####............##...
+............##...
#.................
############..............
#.......# #.###.....)....
##.####.####.###.....##...
#.# #.##...........##...


You could see a gnoll.

Vanquished Creatures
  A crimson imp (D:3)
  A worker ant (D:2)
  5 gnolls (D:3)
  7 adders
  2 worms
  2 dart slugs
  5 leopard geckos
  2 orcs (D:3)
  A ball python (D:1)
  3 giant cockroaches
  8 hobgoblins
  3 jackals (D:2)
  6 kobolds
  7 bats
  2 frilled lizards (D:2)
  8 goblins
  3 rats (D:1)
66 creatures vanquished.

Notes
Turn   | Place    | Note
-------+----------+-------------------------------------------
     0 | D:1      | Ethylacetat the Naga Gladiator began the quest for the Orb.
     0 | D:1      | Reached XP level 1. HP: 19/19 MP: 1/1
    93 | D:1      | Reached XP level 2. HP: 15/26 MP: 2/2
   594 | D:2      | Reached skill level 4 in Maces & Flails
   594 | D:2      | Reached XP level 3. HP: 33/33 MP: 3/3
   682 | D:2      | Found a burning altar of Makhleb.
   822 | D:2      | Reached XP level 4. HP: 37/40 MP: 4/4
  1613 | D:3      | Reached XP level 5. HP: 49/49 MP: 5/5
  1665 | D:3      | Reached skill level 5 in Maces & Flails
  1668 | D:3      | HP: 2/49 [gnoll/+0 spear (2)]
  2794 | D:3      | Reached XP level 6. HP: 56/57 MP: 6/6
  3151 | D:3      | HP: 2/57 [gnoll/+0 halberd (11)]
  3152 | D:3      | Mangled by a gnoll

Skill      XL: |  1  2  3  4  5 |
---------------+----------------+-----
Maces & Flails | 4 5 |  5.7
Fighting       | 3 |  3.8
Throwing       | |  1.7
Dodging        | |  2.4

Action                   |  1- 3 |  4- 6 || total
-------------------------+-------+-------++-------
Melee: Flail             |    44 |   113 ||   157
Throw: Throwing net      |       |     1 ||     1
 Abil: Spit Poison       |    12 |    31 ||    43
  Eat: Chunk             |       |     8 ||     8
Armor: Leather armour    |    17 |    61 ||    78
Dodge: Dodged            |    30 |    43 ||    73
